 Dungeon Sprint DCSS version 0.24-a0-535-gbb0d440 (webtiles) character file.

Game seed: 13947396983535871358

7053 silentkaos13 the Thaumaturge (level 11, -8/71 HPs)
             Began as a Gnoll Summoner on Aug 10, 2019.
             Was a High Priest of Sif Muna.
             Mangled by a 12-headed hydra (13 damage)
             ... in the Dungeon (Sprint I: "Red Sonja").
             The game lasted 00:31:18 (3055 turns).

silentkaos13 the Thaumaturge (Gnoll Summoner)       Turns: 3055, Time: 00:31:19

Health: -8/71      AC:  5    Str:  9    XL:     11   Next: 9%
Magic:  1/25       EV: 18    Int: 21    God:    Sif Muna [*****.]
Gold:   501        SH:  0    Dex: 15    Spells: 6/31 levels left

rFire    . . .     SeeInvis .   o - +4 quick blade
rCold    . . .     Gourm    +   (no shield)
rNeg     + . .     Faith    .   c - +0 troll leather armour
rPois    .         Spirit   .   (no helmet)
rElec    .         Reflect  .   (no cloak)
rCorr    .         Harm     .   (no gloves)
MR       .....     Rnd*Rage +   (no boots) Stlth ++++......NoTele +
                                k - amulet of the gourmand
HPRegen  0.61/turn              h - ring of positive energy
MPRegen  0.19/turn              (no ring)

@: no status effects
A: distributed training, fangs 1, berserk 1, frail 2, weak 1, strong nose
a: Channel Magic, Forget Spell, Divine Exegesis, Renounce Religion


You were in the Dungeon.
You worshipped Sif Muna.
Sif Muna was extremely pleased with you.
You were very full.

You visited 1 branch You collected 2022 gold pieces.
You spent 1521 gold pieces at shops.

Inventory:

Hand Weapons
 i - a +1 dagger of distortion
 o - a +4 quick blade (weapon)
Missiles
 j - 7 curare-tipped darts (quivered)
Armour
 a - a +0 robe
 b - a +0 leather armour
 c - a +0 troll leather armour (worn)
 m - +0 fire dragon scales
Jewellery
 h - a ring of positive energy (left hand)
 k - an amulet of the gourmand (around neck)
Potions
 d - 4 potions of curing
 f - a potion of haste
 g - 2 potions of magic
 l - 2 potions of degeneration {unknown}
 n - a potion of ambrosia {unknown}
 p - a potion of mutation {unknown}


   Skills:
 + Level 9.6 Fighting
 + Level 9.6 Short Blades
 + Level 9.6 Long Blades
 + Level 9.6 Axes
 + Level 9.6 Maces & Flails
 + Level 9.6 Polearms
 + Level 9.6 Staves
 + Level 9.6 Slings
 + Level 9.6 Bows
 + Level 9.6 Crossbows
 + Level 9.6 Throwing
 + Level 9.6 Armour
 + Level 10.6 Dodging
 + Level 10.4 Stealth
 + Level 9.6 Shields
 + Level 9.6 Unarmed Combat
 + Level 10.8 Spellcasting
 + Level 8.0 Conjurations
 + Level 8.0 Hexes
 + Level 8.0 Charms
 + Level 10.7 Summonings
 + Level 8.0 Necromancy
 + Level 8.0 Translocations
 + Level 8.0 Transmutations
 + Level 8.0 Fire Magic
 + Level 8.0 Ice Magic
 + Level 8.0 Air Magic
 + Level 8.0 Earth Magic
 + Level 8.0 Poison Magic
 + Level 10.4 Invocations
 + Level 9.6 Evocations


You had 6 spell levels left.
You knew the following spells:

 Your Spells              Type           Power        Failure   Level  Hunger
b - Call Imp              Summ           ######..     1%          2    None
c - Call Canine Familiar  Summ           ######..     1%          3    None
d - Summon Ice Beast      Ice/Summ       ######..     1%          4    ##.....
e - Summon Lightning Spi  Summ/Air       ######..     1%          4    ##.....
f - Summon Mana Viper     Hex/Summ       ######..     4%          5    ####...
g - Summon Hydra          Summ           ######....   63%         7    #######

Your spell library contained the following spells:

 Spells                   Type           Power        Failure   Level  Hunger
 Animate Skeleton         Necr           N/A          1%          1    None
 Apportation              Tloc           #####.       1%          1    None
 Confusing Touch          Hex            #####.       1%          1    None
 Shock                    Conj/Air       ####         1%          1    None
 Sting                    Conj/Pois      ####         1%          1    None
 Summon Butterflies       Summ           ######..     1%          1    None
 Summon Small Mammal      Summ           ####         1%          1    None
 Blink                    Tloc           N/A          1%          2    None
 Ignite Poison            Fire/Tmut/Pois #####...     1%          3    None
 Lesser Beckoning         Tloc           #####.....   1%          3    None
 Mephitic Cloud           Conj/Pois/Air  #####...     1%          3    None
 Ozocubu's Armour         Chrm/Ice       #####...     1%          3    None
 Portal Projectile        Hex/Tloc       #####.       1%          3    None
 Recall                   Summ/Tloc      N/A          1%          3    None
 Spectral Weapon          Hex/Chrm       #####...     1%          3    None
 Summon Guardian Golem    Hex/Summ       ######..     1%          3    None
 Teleport Other           Tloc           #####...     1%          3    None
 Airstrike                Air            #####.....   2%          4    ##.....
 Ice Form                 Ice/Tmut       #####...     2%          4    ##.....
 Leda's Liquefaction      Hex/Erth       #####.....   2%          4    ##.....
 Throw Icicle             Conj/Ice       #####...     2%          4    ##.....
 Alistair's Intoxication  Tmut/Pois      #####...     8%          5    ####...
 Bolt of Magma            Conj/Fire/Erth #####.....   8%          5    ####...
 Excruciating Wounds      Chrm/Necr      #####.....   8%          5    ####...
 Lightning Bolt           Conj/Air       #####.....   8%          5    ####...
 Venom Bolt               Conj/Pois      #####.....   8%          5    ####...
 Bolt of Cold             Conj/Ice       #####.....   38%         6    ######.
 Iron Shot                Conj/Erth      #####.....   38%         6    ######.
 Statue Form              Tmut/Erth      #####....    38%         6    ######.
 Monstrous Menagerie      Summ           ######....   63%         7    #######
 Dragon Form              Tmut           #####.....   93%         7    #######
 Glaciate                 Conj/Ice       #####.....   100%        9    #######
 Shatter                  Erth           #####.....   100%        9    #######
 Tornado                  Air            #####.....   100%        9    #######


Dungeon Overview and Level Annotations

Branches:
Dungeon (1/1)

Altars:
Cheibriados
Dithmenos
Elyvilon
Fedhas
Gozag
Hepliaklqana
Kikubaaqudgha
Makhleb
Nemelex Xobeh
Okawaru
Qazlal
Ru
Sif Muna
Trog
Uskayaw
Vehumet
Wu Jian
Xom
Yredelemnul
Zin
The Shining One
Jiyva
Lugonu

Shops:
D !?*=?:(([[=(([*[?[[[[


Innate Abilities, Weirdness & Mutations

Your experience applies equally to all skills.
You have very sharp teeth.
Your uncanny sense of smell can sniff out nearby items.
You tend to lose your temper in combat.
You are very frail. (-20% HP)
You are weak. (Str -2)


Message History

You hit the 12-headed hydra.
The 12-headed hydra is almost dead.
Unknown command.
You barely miss the 12-headed hydra.
You bite the 12-headed hydra, but do no damage.
The 12-headed hydra is almost dead.
You hit the 12-headed hydra.
The 12-headed hydra is almost dead.
You hit the 12-headed hydra.
The 12-headed hydra is almost dead.
The 12-headed hydra is no longer moving slowly.
You feel much better. The 12-headed hydra bites you.
The 12-headed hydra closely misses you. The 12-headed hydra bites you.
The 12-headed hydra bites you! x2
* * * LOW HITPOINT WARNING * * *
The 12-headed hydra completely misses you.
The 12-headed hydra bites you!
* * * LOW HITPOINT WARNING * * *
The 12-headed hydra bites you!
You die...

###########################
_#.)'...#.(#§§§§@D§§§8G'.$#
††.)#...##'#§####.§§§§##$.+
_####...'..#.#∆ ##§§§## ##
##§§#####.§'.# ∆###+#∆∆∆
≈§..#§§##+#### ∆ ∆∆∆
§≈..§§§# ∆ ∆ ≈)§.#..# ∆∆∆ ∆
'#####§### ∆ ().###.§.#


You could see a 12-headed hydra.

Vanquished Creatures
  A demonic crawler (D)
  2 hogs (D)
  A necrophage (D)
  An ogre (D)
  Ijyb (D)
  2 ballistomycetes (D)
8 creatures vanquished.

Vanquished Creatures (collateral kills)
  2 centaur warriors (D)
  Sonja (D)
  2 unseen horrors (D)
  A deep troll (D)
  An oklob plant (D)
  A lindwurm (D)
  8 shining eyes (D)
  2 kobold demonologists (D)
  3 demonic crawlers (D)
  A hornet (D)
  A slime creature (D)
  Sigmund (D)
  2 redbacks (D)
  11 hogs (D)
  A yak (D)
  6 floating eyes (D)
  6 necrophages (D)
  7 jellies (D)
  A ballistomycete spore (D)
58 creatures vanquished.

Vanquished Creatures (others)
  A gargoyle (D)
  A jelly (D)
  A ballistomycete spore (D)
3 creatures vanquished.

Grand Total: 69 creatures vanquished

Notes
Turn   | Place    | Note
-------+----------+-------------------------------------------
     0 | D        | silentkaos13 the Gnoll Summoner began the quest for the
                  | Orb.
     0 | D        | Reached XP level 1. HP: 13/13 MP: 6/6
     1 | D        | Noticed Ijyb
    16 | D        | Killed Ijyb
    16 | D        | Reached skill level 1 in Fighting
    16 | D        | Reached skill level 1 in Short Blades
    16 | D        | Reached skill level 1 in Long Blades
    16 | D        | Reached skill level 1 in Axes
    16 | D        | Reached skill level 1 in Maces & Flails
    16 | D        | Reached skill level 1 in Polearms
    16 | D        | Reached skill level 1 in Staves
    16 | D        | Reached skill level 1 in Slings
    16 | D        | Reached skill level 1 in Bows
    16 | D        | Reached skill level 1 in Crossbows
    16 | D        | Reached skill level 1 in Throwing
    16 | D        | Reached skill level 1 in Armour
    16 | D        | Reached skill level 1 in Shields
    16 | D        | Reached skill level 1 in Unarmed Combat
    16 | D        | Reached skill level 5 in Spellcasting
    16 | D        | Reached skill level 1 in Conjurations
    16 | D        | Reached skill level 1 in Hexes
    16 | D        | Reached skill level 1 in Charms
    16 | D        | Reached skill level 1 in Necromancy
    16 | D        | Reached skill level 1 in Translocations
    16 | D        | Reached skill level 1 in Transmutations
    16 | D        | Reached skill level 1 in Fire Magic
    16 | D        | Reached skill level 1 in Ice Magic
    16 | D        | Reached skill level 1 in Air Magic
    16 | D        | Reached skill level 1 in Earth Magic
    16 | D        | Reached skill level 1 in Poison Magic
    16 | D        | Reached skill level 1 in Evocations
    16 | D        | Reached XP level 2. HP: 22/22 MP: 8/8
    16 | D        | Reached XP level 3. HP: 27/27 MP: 9/9
   102 | D        | Learned a level 3 spell: Call Canine Familiar
   103 | D        | Noticed an ogre
   125 | D        | Killed an ogre
   125 | D        | Reached skill level 5 in Dodging
   125 | D        | Reached skill level 5 in Stealth
   125 | D        | Reached XP level 4. HP: 9/34 MP: 2/11
   132 | D        | Learned a level 4 spell: Summon Ice Beast
   137 | D        | Learned a level 4 spell: Summon Lightning Spire
   211 | D        | Killed a gargoyle
   368 | D        | Noticed Sigmund
   388 | D        | Killed Sigmund
   388 | D        | Reached XP level 5. HP: 41/41 MP: 1/13
   484 | D        | Learned a level 2 spell: Call Imp
   497 | D        | Found an ornate altar of the Wu Jian Council.
   497 | D        | Found a shimmering blue altar of Sif Muna.
   499 | D        | Found a radiant altar of Vehumet.
   515 | D        | Became a worshipper of Sif Muna the Loreminder
   546 | D        | Found Uqawka's Jewellery Emporium.
   546 | D        | Found an ancient bone altar of Kikubaaqudgha.
   546 | D        | Found a hazy altar of Hepliaklqana.
   546 | D        | Found a stormy altar of Qazlal.
   546 | D        | Found a hide-covered altar of Uskayaw.
   546 | D        | Found a blossoming altar of Fedhas.
   546 | D        | Found a bloodstained altar of Trog.
   546 | D        | Found an iron altar of Okawaru.
   546 | D        | Found a basalt altar of Yredelemnul.
   546 | D        | Found a glowing golden altar of the Shining One.
   546 | D        | Found a snail-covered altar of Cheibriados.
   546 | D        | Found a sacrificial altar of Ru.
   546 | D        | Found a glowing silver altar of Zin.
   546 | D        | Found a shadowy altar of Dithmenos.
   546 | D        | Found a white marble altar of Elyvilon.
   546 | D        | Noticed a yak
   564 | D        | Killed a yak
   564 | D        | Reached XP level 6. HP: 37/48 MP: 5/15
   568 | D        | Found an opulent altar of Gozag.
   569 | D        | Found a sparkling altar of Nemelex Xobeh.
   585 | D        | Found a burning altar of Makhleb.
   585 | D        | Found a viscous altar of Jiyva.
   585 | D        | Found a shimmering altar of Xom.
   585 | D        | Found a corrupted altar of Lugonu.
   585 | D        | Noticed a slime creature
   597 | D        | Killed a slime creature
   597 | D        | Reached skill level 5 in Invocations
   629 | D        | Bought an uncursed amulet of the gourmand for 390 gold
                  | pieces
   699 | D        | Noticed a kobold demonologist
   699 | D        | Noticed a floating eye
   702 | D        | Killed a floating eye
   702 | D        | Reached * piety under Sif Muna
   713 | D        | Noticed a kobold demonologist
   725 | D        | Killed a kobold demonologist
   725 | D        | Reached skill level 5 in Fighting
   725 | D        | Reached skill level 5 in Short Blades
   725 | D        | Reached skill level 5 in Long Blades
   725 | D        | Reached skill level 5 in Axes
   725 | D        | Reached skill level 5 in Maces & Flails
   725 | D        | Reached skill level 5 in Polearms
   725 | D        | Reached skill level 5 in Staves
   725 | D        | Reached skill level 5 in Slings
   725 | D        | Reached skill level 5 in Bows
   725 | D        | Reached skill level 5 in Crossbows
   725 | D        | Reached skill level 5 in Throwing
   725 | D        | Reached skill level 5 in Armour
   725 | D        | Reached skill level 5 in Shields
   725 | D        | Reached skill level 5 in Unarmed Combat
   725 | D        | Reached skill level 5 in Evocations
   725 | D        | Reached XP level 7. HP: 56/56 MP: 3/17
   728 | D        | Killed a kobold demonologist
   731 | D        | Noticed a demonic crawler
   731 | D        | Noticed a demonic crawler
   731 | D        | Noticed a demonic crawler
   731 | D        | Noticed a demonic crawler
   826 | D        | Noticed Sonja
   835 | D        | Killed Sonja
   835 | D        | Reached ** piety under Sif Muna
   835 | D        | Reached skill level 5 in Conjurations
   835 | D        | Reached skill level 5 in Hexes
   835 | D        | Reached skill level 5 in Charms
   835 | D        | Reached skill level 5 in Necromancy
   835 | D        | Reached skill level 5 in Translocations
   835 | D        | Reached skill level 5 in Transmutations
   835 | D        | Reached skill level 5 in Fire Magic
   835 | D        | Reached skill level 5 in Ice Magic
   835 | D        | Reached skill level 5 in Air Magic
   835 | D        | Reached skill level 5 in Earth Magic
   835 | D        | Reached skill level 5 in Poison Magic
   835 | D        | Reached XP level 8. HP: 64/64 MP: 8/20
  1019 | D        | Found Natihud's Distillery.
  1039 | D        | Noticed a deep troll
  1051 | D        | Killed a deep troll
  1077 | D        | Found Dolor's Armour Emporium.
  1308 | D        | Noticed a shining eye
  1308 | D        | Noticed a shining eye
  1308 | D        | Noticed a shining eye
  1308 | D        | Noticed a shining eye
  1308 | D        | Noticed a shining eye
  1308 | D        | Noticed a shining eye
  1310 | D        | Gained mutation: You are weak. (Str -2) [a shining eye]
  1313 | D        | Paralysed by a floating eye for 2 turns
  1317 | D        | Killed a shining eye
  1323 | D        | Paralysed by a floating eye for 3 turns
  1330 | D        | Paralysed by a floating eye for 2 turns
  1334 | D        | Killed a shining eye
  1334 | D        | Reached XP level 9. HP: 72/72 MP: 11/21
  1341 | D        | Paralysed by a floating eye for 3 turns
  1342 | D        | Killed a shining eye
  1342 | D        | Reached *** piety under Sif Muna
  1347 | D        | Paralysed by a floating eye for 2 turns
  1350 | D        | Killed a shining eye
  1351 | D        | Paralysed by a floating eye for 2 turns
  1356 | D        | Paralysed by a floating eye for 2 turns
  1520 | D        | Gained mutation: You are frail. (-10% HP) [a shining eye]
  1529 | D        | Killed a shining eye
  1529 | D        | Reached **** piety under Sif Muna
  1544 | D        | Noticed a shining eye
  1544 | D        | Noticed a shining eye
  1545 | D        | Gained mutation: You tend to lose your temper in combat. [a
                  | shining eye]
  1558 | D        | Killed a shining eye
  1566 | D        | Paralysed by a floating eye for 3 turns
  1567 | D        | Gained mutation: You are very frail. (-20% HP) [a shining
                  | eye]
  1570 | D        | Killed a shining eye
  1577 | D        | Killed a shining eye
  1638 | D        | Found Hyaceuz's Magic Scroll Shoppe.
  1638 | D        | Found Netiupuo's Book Boutique.
  1638 | D        | Found Nesup's General Store.
  1639 | D        | Found Rioruogg's Magic Scroll Shop.
  1766 | D        | Noticed a centaur warrior
  1768 | D        | Noticed a centaur warrior
  1772 | D        | Killed a centaur warrior
  1772 | D        | Reached XP level 10. HP: 44/64 MP: 12/23
  1782 | D        | Killed a centaur warrior
  1782 | D        | Reached ***** piety under Sif Muna
  1782 | D        | Identified Geimare's Collected Works on Boosting Toxins
                  | (Sif Muna gifted it to you in the Dungeon)
  1782 | D        | Received a gift from Sif Muna
  1782 | D        | Reached skill level 10 in Summonings
  1885 | D        | Noticed an oklob plant
  1904 | D        | Killed an oklob plant
  2039 | D        | Bought a book of Beasts for 660 gold pieces
  2045 | D        | Learned a level 5 spell: Summon Mana Viper
  2053 | D        | Learned a level 7 spell: Summon Hydra
  2119 | D        | Killed an unseen horror
  2119 | D        | Reached skill level 10 in Spellcasting
  2122 | D        | Killed an unseen horror
  2122 | D        | Reached skill level 10 in Dodging
  2214 | D        | Paralysed by a floating eye for 4 turns
  2215 | D        | Received a gift from Sif Muna
  2282 | D        | Identified Sif Muna's Compendium of Aerial Summoning (Sif
                  | Muna gifted it to you in the Dungeon)
  2282 | D        | Received a gift from Sif Muna
  2294 | D        | Reached skill level 10 in Stealth
  2340 | D        | Found Lohuku Nisaj's Weapon Shoppe.
  2340 | D        | Found Foawecyi's Antique Weapon Shop.
  2340 | D        | Found Qaeca's Armour Boutique.
  2342 | D        | Found Facosin's Antique Armour Emporium.
  2342 | D        | Found Zang's Jewellery Shop.
  2342 | D        | Found Obowienel's Weapon Shoppe.
  2342 | D        | Found Xaeguo's Weapon Boutique.
  2342 | D        | Found Sitatey's Armour Emporium.
  2342 | D        | Found Zyomudum's Assorted Antiques.
  2342 | D        | Found Cifeu's Antique Armour Shoppe.
  2344 | D        | Found Nenkasebb's Magic Scroll Boutique.
  2345 | D        | Found Ymuaqy's Armour Emporium.
  2345 | D        | Found Sioposs's Antique Armour Boutique.
  2346 | D        | Found Wowi's Antique Armour Emporium.
  2392 | D        | Bought a runed quick blade for 378 gold pieces
  2535 | D        | Reached skill level 10 in Invocations
  2545 | D        | Identified Sif Muna's Handbook of Ice and Weightlessness
                  | (Sif Muna gifted it to you in the Dungeon)
  2545 | D        | Received a gift from Sif Muna
  2644 | D        | Bought a ration for 55 gold pieces
  2644 | D        | Bought a scroll of amnesia for 38 gold pieces
  2747 | D        | Noticed a lindwurm
  2774 | D        | Killed a lindwurm
  2869 | D        | Identified Sif Muna's Incunabulum of Quantum Moulding (Sif
                  | Muna gifted it to you in the Dungeon)
  2869 | D        | Received a gift from Sif Muna
  2869 | D        | Reached XP level 11. HP: 68/68 MP: 17/25
  3032 | D        | Noticed a 12-headed hydra
  3055 | D        | Mangled by a 12-headed hydra

Levels and vault maps discovered:
D:        dungeon_sprint_1 [red_sonja_temple_1, red_sonja_temple_small_1]

Skill      XL: |  1  2  3  4  5  6  7  8  9 10 11 |
---------------+----------------------------------+-----
Fighting       | 1 2 3 4 5 6 7 8 9 |  9.6
Short Blades   | 1 2 3 4 5 6 7 8 9 |  9.6
Long Blades    | 1 2 3 4 5 6 7 8 9 |  9.6
Axes           | 1 2 3 4 5 6 7 8 9 |  9.6
Maces & Flails | 1 2 3 4 5 6 7 8 9 |  9.6
Polearms       | 1 2 3 4 5 6 7 8 9 |  9.6
Staves         | 1 2 3 4 5 6 7 8 9 |  9.6
Slings         | 1 2 3 4 5 6 7 8 9 |  9.6
Bows           | 1 2 3 4 5 6 7 8 9 |  9.6
Crossbows      | 1 2 3 4 5 6 7 8 9 |  9.6
Throwing       | 1 2 3 4 5 6 7 8 9 |  9.6
Armour         | 1 2 3 4 5 6 7 8 9 |  9.6
Shields        | 1 2 3 4 5 6 7 8 9 |  9.6
Unarmed Combat | 1 2 3 4 5 6 7 8 9 |  9.6
Spellcasting   | 5 6 7 8 9 10 | 10.8
Conjurations   | 1 2 3 4 5 6 7 8 |  8.0
Hexes          | 1 2 3 4 5 6 7 8 |  8.0
Charms         | 1 2 3 4 5 6 7 8 |  8.0
Necromancy     | 1 2 3 4 5 6 7 8 |  8.0
Translocations | 1 2 3 4 5 6 7 8 |  8.0
Transmutations | 1 2 3 4 5 6 7 8 |  8.0
Fire Magic     | 1 2 3 4 5 6 7 8 |  8.0
Ice Magic      | 1 2 3 4 5 6 7 8 |  8.0
Air Magic      | 1 2 3 4 5 6 7 8 |  8.0
Earth Magic    | 1 2 3 4 5 6 7 8 |  8.0
Poison Magic   | 1 2 3 4 5 6 7 8 |  8.0
Invocations    | 2 3 4 5 6 7 9 10 | 10.4
Evocations     | 1 2 3 4 5 6 7 8 9 |  9.6
Dodging        | 5 6 7 8 9 10 | 10.6
Stealth        | 5 6 7 8 9 10 | 10.4
Summonings     | 8 9 10 | 10.7

Action                   |  1- 3 |  4- 6 |  7- 9 | 10-12 || total
-------------------------+-------+-------+-------+-------++-------
Melee: Unarmed           |    16 |    10 |       |       ||    26
       Bite              |     1 |       |       |     7 ||     8
       Dagger            |       |       |    12 |    20 ||    32
       Quick blade       |       |       |       |    32 ||    32
       Punch             |       |       |       |     1 ||     1
Throw: Dart              |       |       |     4 |       ||     4
 Cast: Call Canine Famil |     3 |     2 |     5 |     3 ||    13
       Summon Ice Beast  |       |     4 |     7 |     6 ||    17
       Summon Lightning  |       |     4 |     7 |     9 ||    20
       Call Imp          |       |       |     2 |       ||     2
       Summon Mana Viper |       |       |       |    18 ||    18
  Use: Potion            |     1 |       |       |     1 ||     2
       Scroll            |       |       |     1 |     1 ||     2
  Eat: Chunk             |       |     5 |       |     8 ||    13
       Ration            |       |       |     2 |     1 ||     3
Armor: Leather armour    |       |     1 |       |       ||     1
       Troll leather arm |       |       |       |     9 ||     9
Dodge: Dodged            |     6 |     6 |     8 |    37 ||    57

Table legend:
 A = Non-vault XP
 B = Vault XP
 C = Vault XP percentage of total XP
 D = Non-vault monster count
 E = Vault monster count
 F = Vault count percentage of total count
                 A         B        C        D         E       F
            +---------+---------+-------+---------+---------+-------
      Total |       0 |   10077 | 100.0 |       0 |      64 | 100.0
            +---------+---------+-------+---------+---------+-------
          D |       0 |   10077 | 100.0 |       0 |      64 | 100.0
            +---------+---------+-------+---------+---------+-------
